 Dungeon Crawl Stone Soup version 0.19-a0 (webtiles) character file.

25 warlockg3 the Grave Robber (level 2, -1/22 HPs)
             Began as a Demigod Necromancer on Apr 28, 2016.
             Slain by a gnoll
             ... wielding a +0 spear
              (9 damage)
             ... on level 2 of the Dungeon.
             The game lasted 00:03:54 (1938 turns).

warlockg3 the Grave Robber (Demigod Necromancer)    Turns: 1938, Time: 00:03:54

Health: -1/22      AC:  2    Str: 11    XL:     2   Next: 66%
Magic:  4/7        EV: 13    Int: 19    God:
Gold:   40         SH:  0    Dex: 16    Spells: 2 memorised, 3 levels left

rFire  . . .     SeeInvis .     (no weapon)
rCold  . . .     Gourm    .     a - +0 robe
rNeg   . . .     Faith    .     (no shield)
rPois  .         Spirit   .     (no helmet)
rElec  .         Dismiss  .     (no cloak)
rCorr  .         Reflect  .     (no gloves)
SustAt +         Harm     .     (no boots)
MR     .....                    (no amulet)
Stlth  +++.......               (no ring)
                                h - ring of stealth

@: not resistant to hostile enchantments, fairly stealthy
A: high mp 1, sustain attributes
a: no special abilities


You were on level 2 of the Dungeon.
You were not hungry.

You visited 1 branch of the dungeon, and saw 2 of its levels.

You collected 40 gold pieces.

Inventory:

Armour
 a - a +0 robe (worn)
Jewellery
 h - a ring of stealth (left hand)
Scrolls
 d - a scroll of enchant weapon {unknown}
 e - a scroll of amnesia {unknown}
 i - 4 scrolls of identify {unknown}
 k - a scroll of blinking {unknown}
Potions
 f - a potion of haste {unknown}
 g - a potion of brilliance {unknown}
 j - 3 potions of curing {unknown}
 m - a potion of resistance {unknown}
 n - a potion of agility {unknown}
Books
 b - a book of Necromancy

   Spells                             Type                      Level
   a - Pain                           Necromancy                   1
   b - Animate Skeleton               Necromancy                   1
   c - Vampiric Draining              Necromancy                   3
   d - Regeneration                   Charms/Necromancy            3
   e - Animate Dead                   Necromancy                   4
   f - Control Undead                 Necromancy                   4
Comestibles
 c - 3 chunks of flesh
 l - 3 fruits


   Skills:
 + Level 0.3 Fighting
 + Level 2.1 Dodging
 + Level 1.9 Stealth
 + Level 0.1 Unarmed Combat
 + Level 2.1 Spellcasting
 + Level 3.9 Necromancy


You had 3 spell levels left.
You knew the following spells:

 Your Spells              Type           Power        Failure   Level  Hunger
a - Pain                  Necr           ###.         4%          1    #......
b - Animate Skeleton      Necr           N/A          4%          1    #......


Dungeon Overview and Level Annotations

Branches:
Dungeon (2/15)


Innate Abilities, Weirdness & Mutations

You have an increased reservoir of magic (+10% MP).
Your attributes are resistant to harm.


Message History

Casting: Animate Skeleton
Confirm with . or Enter, or press ? or * to list all spells.
Aiming: Pain
Press: ? - help, Shift-Dir - straight line, f - hound
Aim: a hound (chance to defeat MR: 81%)
The hound convulses in agony!
Casting: Pain
Confirm with . or Enter, or press ? or * to list all spells.
Aiming: Pain
Press: ? - help, Shift-Dir - straight line, f/p - hound
Aim: a hound (moderately wounded, chance to defeat MR: 81%)
The hound convulses in agony!
The hound bites you. x2
Casting: Pain
Confirm with . or Enter, or press ? or * to list all spells.
Aiming: Pain
Press: ? - help, Shift-Dir - straight line, f/p - hound
Aim: a hound (moderately wounded, chance to defeat MR: 81%)
The hound barely resists.
The hound bites you.
The gnoll hits you from afar with a spear!
You die...

###########
#..........
#..########.
#+#+#P..........
#
#..hh@........).
#.
#..g#P..########
###.#######..
#...#
#........###
#...#
#........###
###.#
#<.........# #.#
#........#.##
#.#
#...........#
#.#
#........####
#.#


You could see 2 hounds and a gnoll.

Vanquished Creatures
  A dart slug (D:1)
  A giant gecko (D:1)
  5 bats (D:1)
  3 goblins (D:1)
  A hobgoblin (D:1)
  4 giant newts (D:1)
  4 kobolds (D:1)
  4 rats
23 creatures vanquished.

Vanquished Creatures (collateral kills)
  A ball python (D:1)
1 creature vanquished.

Grand Total: 24 creatures vanquished

Notes
Turn   | Place    | Note
--------------------------------------------------------------
     0 | D:1      | warlockg3 the Demigod Necromancer began the quest for the Orb.
     0 | D:1      | Reached XP level 1. HP: 14/14 MP: 5/5
   654 | D:1      | Reached XP level 2. HP: 15/20 MP: 2/7
   941 | D:1      | Learned a level 1 spell: Animate Skeleton
  1938 | D:2      | Slain by a gnoll

Vault maps used:
D:1:      mushboom_english_gardens, serial_park_tiny_pond
D:2:      nicolae_overflow_crystal_walls, minmay_misc_feat_enclosed,
          cheibrodos_gnoll_hut

Skill      XL: |  1  2 |
---------------+-------+-----
Dodging        | 2 |  2.1
Spellcasting   | 2 |  2.1
Fighting       | |  0.3
Stealth        | |  1.9
Unarmed Combat | |  0.1
Necromancy     | |  3.9

Action                   || total
-------------------------++-------
Melee: Unarmed           ||    69
 Cast: Pain              ||    25
       Animate Skeleton  ||     4
 Stab: Sleeping          ||     2
  Eat: Bread ration      ||     1
Armor: Robe              ||    25
Dodge: Dodged            ||    82
